 Dungeon Crawl Stone Soup version 0.30-a0-424-g7412bad402 (webtiles) character file.

Game seed: 13907887127590992659

585 PyroL the Reanimator (level 7, 0/54 HPs)
             Began as a Deep Elf Necromancer on Dec 10, 2022.
             Slain by a centaur
             ... wielding a +0 short sword
              (7 damage)
             ... on level 5 of the Dungeon.
             The game lasted 00:12:39 (4646 turns).

PyroL the Reanimator (Deep Elf Necromancer)         Turns: 4646, Time: 00:12:40

Health: 0/54       AC: 23    Str:  5    XL:     7   Next: 15%
Magic:  13/20      EV:  2    Int: 22    God:
Gold:   258        SH:  0    Dex: 15    Spells: 13/21 levels left

rFire   . . .      SeeInvis .    q - +4 rapier
rCold   . . .      Faith    .    (no shield)
rNeg    + . .      Spirit   .    (body armour currently unavailable)
rPois   +          Reflect  .    (helmet currently unavailable)
rElec   .          Harm     .    (cloak currently unavailable)
rCorr   .          Rampage  .    (gloves currently unavailable)
Will    .....      NoTele   +    (boots currently unavailable)
Stlth   ++........               h - amulet of regeneration
HPRegen 1.09/turn                u - ring of positive energy
MPRegen 0.17/turn                (no ring)

@: tree-form
A: stationary, stasis, torment immunity, boosted hp
a: no special abilities


You were on level 5 of the Dungeon.
You were a tree.
You visited 1 branch of the dungeon, and saw 5 of its levels.

You collected 258 gold pieces.

Inventory:

Hand Weapons
 f - a +0 sling
 q - a +4 rapier (weapon)
Armour
 a - a +0 robe (melded)
Jewellery
 h - an amulet of regeneration (around neck)
 n - an amulet of magic regeneration
 u - a ring of positive energy (left branch)
Scrolls
 c - a scroll of vulnerability {unknown}
 g - a scroll of brand weapon {unknown}
 i - 2 scrolls of identify {unknown}
 j - a scroll of teleportation {unknown}
 k - 2 scrolls of butterflies {unknown}
 l - 2 scrolls of enchant weapon {unknown}
 m - a scroll of magic mapping {unknown}
 s - 2 scrolls of blinking {unknown}
 v - a scroll of silence {unknown}
Potions
 b - a potion of magic
 d - a potion of invisibility {unknown}
 e - 4 potions of lignification
 o - 2 potions of attraction {unknown}
 p - a potion of curing {unknown}
 r - a potion of might {unknown}
 t - a potion of mutation {unknown}


   Skills:
 - Level 2.4 Dodging
 - Level 2.4 Stealth
 + Level 7.7 Spellcasting
 + Level 8.1 Necromancy


You had 13 spell levels left.
You knew the following spells:

 Your Spells              Type           Power      Damage    Failure   Level
a - Necrotise             Necr           100%       1d9       1%          1
b - Vampiric Draining     Necr           44%        2d9       1%          3
c - Animate Dead          Necr           44%        N/A       2%          4

Your spell library contained the following spells:

 Spells                   Type           Power      Damage    Failure   Level
 Agony                    Necr           44%        N/A       8%          5


Dungeon Overview and Level Annotations

Branches:
Dungeon (5/15)
 Temple: D:4-7

Altars:
Qazlal

Shops:
D:5 :

Annotations:
D:4 Ijyb


Message History

The ogre attacks as you move away! The ogre completely misses you.
Casting: Vampiric Draining (safe; 1% risk of failure)
Confirm with . or Enter, or press ? or * to list all spells.
Aiming: Necrotise (safe; 1% risk of failure)
Press: ? - help, Shift-Dir - straight line, f/p - ogre
Aim: an ogre, wielding a +0 giant spiked club (almost dead, chance to affect: 83%)
The ogre writhes in agony.
You kill the ogre!
The dead are walking!
Your Necromancy skill increases to level 8!
You have reached level 7!
You start resting.
Your ogre skeleton crumbles into dust!
A centaur is nearby!
A centaur is nearby!
A centaur is nearby!
The centaur shouts!
The centaur zaps a wand.
The bolt of dispelling energy hits you!
You hit the centaur but do no damage.
The centaur zaps a wand.
The bolt of dispelling energy hits you!
* * * LOW HITPOINT WARNING * * *
The now-empty wand crumbles to dust.
The centaur unwields a +0 shortbow.
The centaur wields a +0 short sword.
The centaur hits you with a +0 short sword.
* * * LOW HITPOINT WARNING * * *
The centaur closely misses you.
It was a potion of lignification.
You turn into a tree.
Your +0 robe melds into your body.
Your roots penetrate the ground.
The centaur barely misses you.
The centaur kicks you but does no damage.
You hit the centaur.
The centaur is lightly wounded.
The centaur hits you but does no damage.
The centaur kicks you but does no damage.
The centaur hits you but does no damage.
The centaur kicks you but does no damage.
You hit the centaur. Your punch misses the centaur.
The centaur is moderately wounded.
The centaur hits you with a +0 short sword!
You die...

.........# ###...###
##..####.# #...#
..<...##.# #..>#
.#..#.##.# #...#
......##.# #...#
.#.......#######)..#####
.#.#..####..............
..........).............
..##)##.##......♣.......
..##....########c..#####
.....#..# #...#
#.####..# #...#
#...>...# #...#
######.## #...# #.#####
#...# ##.....# ##.##
#####..8#8.######


You could see a centaur.

Vanquished Creatures
  An ogre (D:5)
  A scorpion (D:5)
  3 hounds (D:5)
  2 iguanas (D:5)
  An orc wizard (D:4)
  Robin (D:2)
  3 gnolls
  3 adders
  An ufetubus (D:5)
  A dart slug (D:1)
  2 orcs
  7 bats
  8 endoplasms
  4 giant cockroaches (D:1)
  15 goblins
  8 hobgoblins
  5 jackals
  6 kobolds
  3 quokkas
  4 ball pythons
  4 frilled lizards
  4 rats
87 creatures vanquished.

Vanquished Creatures (collateral kills)
  A scorpion (D:5)
  A howler monkey (D:5)
  An orc (D:4)
  An endoplasm (D:1)
  3 goblins
  A hobgoblin (D:2)
  A quokka (D:2)
  2 frilled lizards (D:1)
11 creatures vanquished.

Vanquished Creatures (others)
  An iguana zombie (D:5)
  An orc zombie (D:5)
2 creatures vanquished.

Grand Total: 100 creatures vanquished

Notes
Turn   | Place    | Note
-------+----------+-------------------------------------------
     0 | D:1      | PyroL the Deep Elf Necromancer began the quest for the Orb.
     0 | D:1      | Reached XP level 1. HP: 10/10 MP: 6/6
    65 | D:1      | Reached skill level 5 in Necromancy
   218 | D:1      | Reached XP level 2. HP: 15/15 MP: 2/8
   692 | D:1      | Reached XP level 3. HP: 17/19 MP: 7/10
   729 | D:1      | Found a faded altar of an unknown god.
  1281 | D:2      | Noticed Robin
  1295 | D:1      | Learned a level 3 spell: Vampiric Draining
  1399 | D:2      | Reached XP level 4. HP: 24/24 MP: 5/12
  1404 | D:2      | Learned a level 4 spell: Animate Dead
  1444 | D:2      | Killed Robin
  1445 | D:2      | Reached skill level 6 in Necromancy
  1454 | D:2      | Reached skill level 5 in Spellcasting
  2415 | D:3      | Found a stormy altar of Qazlal.
  3073 | D:4      | Noticed Ijyb
  3122 | D:4      | Reached XP level 5. HP: 24/28 MP: 6/14
  3658 | D:5      | Entered Level 5 of the Dungeon
  3754 | D:5      | Found Pamarchiu's Book Shoppe.
  3802 | D:5      | Reached skill level 7 in Necromancy
  3896 | D:5      | Noticed a centaur
  3947 | D:5      | Reached XP level 6. HP: 29/32 MP: 6/17
  4578 | D:5      | Reached skill level 8 in Necromancy
  4578 | D:5      | Reached XP level 7. HP: 36/36 MP: 1/20
  4646 | D:5      | Slain by a centaur

Illustrated notes

Levels and vault maps discovered:
D:1:      wheals_arrival_linesprint, layout_loops_cross,
          chequers_ecumenical_altar_grove
D:2:      layout_rooms, st_stairs_10, uniq_robin
D:3:      layout_loops_cross, mainiacjoe_overflow_paths
D:4:      layout_loops_corners, uniq_ijyb
D:5:      layout_loops_cross, serial_shops, kennysheep_little_box,
          nicolae_shop_behind_doors, minmay_statues_item

Skill      XL: |  1  2  3  4  5  6 |
---------------+-------------------+-----
Necromancy     | 5 6 7 8 |  8.1
Spellcasting   | 4 5 6 7 |  7.7
Dodging        | |  2.4
Stealth        | |  2.4

Action                   |  1- 3 |  4- 6 |  7- 9 || total
-------------------------+-------+-------+-------++-------
Melee: Rapier            |       |    16 |     3 ||    19
 Fire: Sling             |    15 |    26 |       ||    41
 Cast: Necrotise         |    66 |    54 |       ||   120
       Vampiric Draining |       |    20 |       ||    20
       Animate Dead      |       |     3 |       ||     3
  Use: Potion            |       |       |     1 ||     1
 Stab: Sleeping          |       |     2 |       ||     2
Armor: Robe              |     1 |     6 |       ||     7
       Skin              |       |       |     5 ||     5
Dodge: Dodged            |    22 |    32 |     2 ||    56

Table legend: (Time is in decaauts)
 A = Elapsed time spent in this place.
 B = Non-inter-level travel time spent in this place.
 C = Inter-level travel time spent in this place.
 D = Time resting spent in this place.
 E = Time spent auto-exploring this place.
 F = Levels seen in this place.
 G = Mean time per level.
                   A        B        C        D        E       F      G
               +--------+--------+--------+--------+--------+-----+--------+
         Total |   4663 |   4511 |    152 |    905 |   2930 |   5 |  932.6 |
       Dungeon |   4663 |   4511 |    152 |    905 |   2930 |   5 |  932.6 |
               +--------+--------+--------+--------+--------+-----+--------+

Top non-repeatable levels by time:
     D:4: 1369 daAuts
     D:1: 1340 daAuts
     D:3: 763 daAuts
     D:5: 651 daAuts
     D:2: 538 daAuts
